 Dungeon Crawl Stone Soup version 0.25-a0-447-gff83419037 (webtiles) character file.

Game seed: 12379768396915834157, levelgen mode: deterministic

42 MrRokkomies the Bolt Thrower (level 3, 0/20 HPs)
             Began as a Kobold Hunter on Jan 31, 2020.
             Succumbed to an adder's poison
             ... on level 2 of the Dungeon.
             The game lasted 00:02:27 (1256 turns).

MrRokkomies the Bolt Thrower (Kobold Hunter)        Turns: 1256, Time: 00:02:27

Health: 0/20       AC:  6    Str: 10    XL:     3   Next: 80%
Magic:  3/3        EV: 11    Int: 14    God:
Gold:   116        SH:  0    Dex: 15    Spells: 2/2 levels left

rFire    . . .     SeeInvis .   a - +1 hand crossbow
rCold    . . .     Gourm    .   (shield restricted)
rNeg     . . .     Faith    .   h - +0 scale mail
rPois    .         Spirit   .   (no helmet)
rElec    .         Reflect  .   (no cloak)
rCorr    .         Harm     .   (no gloves)
MR       .....                  (no boots)
Stlth    +.........             (no amulet)
HPRegen  0.06/turn              k - +2 ring of intelligence
MPRegen  0.08/turn              (no ring)

@: lethally poisoned (0 -> -12), hasted, very quick
A: small, claws 1, carnivore, frail 1
a: no special abilities


You were on level 2 of the Dungeon.
You were very hungry.

You visited 1 branch of the dungeon, and saw 2 of its levels.

You collected 116 gold pieces.

Inventory:

Hand Weapons
 a - a +1 hand crossbow (weapon)
 b - a +0 short sword
Missiles
 d - 11 bolts (quivered)
 e - 11 poisoned darts
 j - a throwing net
Armour
 h - a +0 scale mail (worn)
Jewellery
 k - a +2 ring of intelligence (left claw)
Scrolls
 c - a scroll of amnesia
 g - a scroll of remove curse
 o - a scroll of magic mapping {unknown}
Potions
 n - a potion of agility {unknown}
Comestibles
 f - 3 rations
 m - 2 chunks of flesh


   Skills:
 * Level 3.1 Fighting
 * Level 5.3 Crossbows
 + Level 2.8 Dodging
 + Level 2.2 Stealth


You had 2 spell levels left.
You didn't know any spells.
Your spell library was empty.

Dungeon Overview and Level Annotations

Branches:
Dungeon (2/15)

Altars:


Innate Abilities, Weirdness & Mutations

You are small and have problems with some larger weapons.
You are carnivorous and can eat meat at any time.
You have sharp fingernails.
You are frail. (-10% HP)


Message History

You are lethally poisoned!
The adder poisons you!
Firing (i - inventory. (/) - cycle)
d - 12 bolts (quivered)
Press: ? - help, Shift-Dir - straight line, f/p - adder
Aim: an adder (heavily wounded)
You shoot a bolt.
The bolt hits the adder but does no damage.
The adder is heavily wounded.
* * * LOW HITPOINT WARNING * * *
You feel sick. The adder barely misses you. The adder bites you.
* * * LOW HITPOINT WARNING * * *
You are more poisoned.
The adder poisons you!
It was a potion of mutation.
You feel extremely strange.
You feel less in control of your magic.
You regain control of your magic.
You feel frail.
Your fingernails lengthen.
The adder bites you.
* * * LOW HITPOINT WARNING * * *
It was a potion of haste.
You feel yourself speed up.
You die...

#############
#######............
..........<###########
######รท..#...........####
..............[..........
######.###.#####.###.####
.......#.# #.# # ###.....#
#.# ###..## #@# ##.# #S#
#.# #(# #.. #.# ##. #.# .
... .. #.# #(#


You could see an adder.

Vanquished Creatures
  An adder (D:2)
  An ooze (D:1)
  2 dart slugs (D:1)
  A giant cockroach (D:1)
  2 goblins (D:1)
  A hobgoblin (D:1)
  3 jackals (D:1)
  A quokka (D:2)
  3 bats (D:1)
  3 frilled lizards (D:1)
  6 kobolds
  3 rats
27 creatures vanquished.

Notes
Turn   | Place    | Note
-------+----------+-------------------------------------------
     0 | D:1      | MrRokkomies the Kobold Hunter began the quest for the Orb.
     0 | D:1      | Reached XP level 1. HP: 12/12 MP: 1/1
   199 | D:1      | Reached skill level 5 in Crossbows
   199 | D:1      | Reached XP level 2. HP: 9/18 MP: 2/2
   594 | D:1      | Reached XP level 3. HP: 19/22 MP: 3/3
  1255 | D:2      | Gained mutation: Your spells are a little harder to cast,
                  | but a little more powerful. [potion of mutation]
  1255 | D:2      | Lost mutation: Your spells are a little harder to cast, but
                  | a little more powerful. [potion of mutation]
  1255 | D:2      | Gained mutation: You are frail. (-10% HP) [potion of
                  | mutation]
  1255 | D:2      | Gained mutation: You have sharp fingernails. [potion of
                  | mutation]
  1255 | D:2      | HP: 1/20 [adder (1)]
  1256 | D:2      | Succumbed to an adder's poison

Levels and vault maps discovered:
D:1:      scummos_arrival_forest, layout_basic, chequers_serial_rivers_micro_b
D:2:      layout_basic, lemuel_crystal_altar, first_ration

Skill      XL: |  1  2  3 |
---------------+----------+-----
Crossbows      | 5 |  5.3
Stealth        | 2 |  2.2
Fighting       | 3 |  3.1
Dodging        | |  2.8

Action                   || total
-------------------------++-------
Melee: Short sword       ||   101
 Fire: Hand crossbow     ||     9
Throw: Dart              ||     5
  Use: Scroll            ||     3
       Potion            ||     2
Armor: Scale mail        ||    35
       Leather armour    ||    12
Dodge: Dodged            ||    99

Table legend:
 A = Non-vault XP
 B = Vault XP
 C = Vault XP percentage of total XP
 D = Non-vault monster count
 E = Vault monster count
 F = Vault count percentage of total count
                 A         B        C        D         E       F
            +---------+---------+-------+---------+---------+-------
      Total |      61 |       0 |   0.0 |      27 |       0 |   0.0
            +---------+---------+-------+---------+---------+-------
        D:1 |      43 |       0 |   0.0 |      23 |       0 |   0.0
        D:2 |      18 |       0 |   0.0 |       4 |       0 |   0.0
            +---------+---------+-------+---------+---------+-------
